 Dungeon Crawl Stone Soup version 0.31.0-9-g3a7656b989 (webtiles) character file.

Game seed: 7540260417402574554

694 Baz the Magician (level 7, -20/51 HPs)
             Began as a Djinni Fire Elementalist on Jan 29, 2024.
             Was an Initiate of Gozag.
             Demolished by an ogre
             ... wielding a +0 giant club
              (34 damage)
             ... on level 5 of the Dungeon.
             The game lasted 00:05:45 (4474 turns).

Baz the Magician (Djinni Fire Elementalist)         Turns: 4474, Time: 00:05:46

Health: -20/51     AC:  6    Str:  7    XL:     7   Next: 96%
Gold:   643        EV: 13    Int: 19    God:    Gozag SH:  0 Dex: 13

rFire   + + .        l - +0 whip (elec)
rCold   x . .        (no shield)
rNeg    . . .        a - +0 robe
rPois   ∞            (no helmet)
rElec   .            (no cloak)
rCorr   .            (no gloves)
SInv    .            (boots unavailable)
Will    .....        (no amulet)
Stlth   ++           g - +4 ring of protection
HPRegen 0.28/turn    (no ring)
MPRegen 0.00/turn

%: infuse magic (-21 HP)
@: gold aura, flying
A: sickness immunity, fire resistance 2, cold vulnerability 1, float, innate
caster, HP casting, extra vitality 1
a: Renounce Religion, Potion Petition, Call Merchant, Bribe Branch


You were on level 5 of the Dungeon.
You worshipped Gozag.
Gozag was pleased with you.
You visited 1 branch of the dungeon, and saw 5 of its levels.

You collected 643 gold pieces.

Inventory:

Hand Weapons
 k - a +1 vampiric whip
 l - a +0 whip of electrocution (weapon)
Armour
 a - a +0 robe (worn)
 o - a +0 hat
Jewellery
 g - a +4 ring of protection (left hand)
 j - a +4 ring of protection
 q - a +5 ring of evasion
Scrolls
 b - 2 scrolls of fear {unknown}
 c - 2 scrolls of enchant weapon {unknown}
 e - 4 scrolls of teleportation {unknown}
 f - 2 scrolls of immolation {unknown}
 h - 6 scrolls of identify {unknown}
 i - 2 scrolls of enchant armour {unknown}
 p - a scroll of revelation {unknown}
 r - 2 scrolls of poison {unknown}
Potions
 d - a potion of berserk rage {unknown}
 m - 2 potions of curing {unknown}
 n - a potion of might {unknown}
 s - a potion of attraction {unknown}
 t - 3 potions of heal wounds {unknown}


   Skills:
 + Level 3.9 Fighting
 + Level 5.0 Dodging
 - Level 1.5 Stealth
 * Level 5.3 Spellcasting
 * Level 5.3 Conjurations
 * Level 5.3 Hexes
   Level 0.0 Charms
 * Level 5.3 Summonings
 * Level 5.3 Necromancy
 * Level 5.3 Translocations
   Level 0.0 Transmutations
 * Level 5.3 Fire Magic
 * Level 5.3 Ice Magic
 * Level 5.3 Air Magic
 * Level 5.3 Earth Magic
 * Level 5.3 Alchemy


You knew the following spells:

 Your Spells              Type           Power      Damage    Failure   Level
a - Foxfire               Conj/Fire      100%       2x1d9     1%          1
b - Scorch                Fire           50%        2d7       1%          2
c - Volatile Blastmotes   Fire/Tloc      50%        2d14      4%          3
d - Inner Flame           Hex/Fire       25%        N/A       4%          3
e - Flame Wave            Conj/Fire      25%        2d8       13%         4
f - Sting                 Conj/Alch      100%       1d9       1%          1
g - Mercury Vapours       Alch/Air       50%        N/A       1%          2
h - Lesser Beckoning      Tloc           50%        N/A       1%          2
Your spell library was empty.

Dungeon Overview and Level Annotations

Branches:
Dungeon (5/15)
 Temple: D:4-7

Altars:
Ashenzari
Gozag
Nemelex Xobeh
Okawaru
Uskayaw
Xom


Innate Abilities, Weirdness & Mutations

You are immune to sickness and miasma.
You are immune to poison.
Your flesh is very heat resistant. (rF++)
You are vulnerable to cold. (rC-)
You float through the air rather than walking.
You learn spells naturally, not from books.
Your magical power is your life essence.
You have superior vitality. (+4 MHP)


Message History

Casting: Foxfire (safe; 1% risk of failure)
Confirm with . or Enter, or press ? or * to list all spells.
You conjure some foxfire!
The foxfire hits the orc priest.
The orc priest is burned terribly!
The orc priest is severely wounded.
Unknown command.
Casting: Foxfire (safe; 1% risk of failure)
Confirm with . or Enter, or press ? or * to list all spells.
You conjure some foxfire!
The orc priest hits you with a +0 hand axe.
The orc priest completely misses your foxfire.
Unknown command.
Casting: Foxfire (safe; 1% risk of failure)
Confirm with . or Enter, or press ? or * to list all spells.
Flames lash the ogre.
The ogre is moderately wounded.
The ogre's fire resistance burns away.
* * * LOW HITPOINT WARNING * * *
The orc priest is no longer more vulnerable to fire.
The foxfire hits the orc priest.
The orc priest is almost dead.
The foxfire hits the orc priest!
You kill the orc priest!
The foxfire hits the ogre.
The ogre is burned terribly!
The ogre is heavily wounded.
Your Dodging skill increases to level 5!
Casting: Scorch (safe; 1% risk of failure)
Confirm with . or Enter, or press ? or * to list all spells.
You conjure some foxfire!
* * * LOW HITPOINT WARNING * * *
Unknown command.
The foxfire hits the ogre!
The ogre is burned terribly!
The ogre is severely wounded.
The foxfire hits the ogre.
The ogre is burned terribly!
The ogre is almost dead.
The ogre attacks as it pursues you!
The ogre hits you with a +0 giant club!!
Ouch! That really hurt!
You die...
Your body crumbles into a pile of gold.

##...........####.
##..##############.
#..## #####......
##.## #.....#####
#..# #..>.## ##.##
#..<.# #..# ##....#
###
#.########.....#
#..
#.#O@....)..##.#
#..
#$$.§...###.##.#
#..
#.#####.....##.#
### #.#
##.......#.# # #o#
#..#####.#.# # #.#
#.## .#.###### #.#
#.# ......... #.#
#.######.#.##....
#o#
#...h....#....###


You could see an ogre (combustible).

Vanquished Creatures
  2 black bears (D:5)
  An ice beast (D:5)
  A centaur (D:5)
  2 bombardier beetles
  2 hounds
  An orc priest (D:5)
  3 iguanas (D:4)
  3 adders
  A dart slug (D:3)
  3 ribbon worms
  10 orcs
  8 ball pythons
  8 bats
  2 endoplasms
  5 giant cockroaches
  2 goblins
  8 hobgoblins
  3 jackals (D:2)
  4 kobolds
  3 quokkas
  4 frilled lizards
  5 rats
81 creatures vanquished.

Vanquished Creatures (others)
  453 foxfires
453 creatures vanquished.

Grand Total: 534 creatures vanquished

Notes
Turn   | Place    | Note
-------+----------+-------------------------------------------
     0 | D:1      | Baz the Djinni Fire Elementalist began the quest for the
                  | Orb.
     0 | D:1      | Baz set off with the following spells memorised: Foxfire,
                  | Scorch, Volatile Blastmotes, Inner Flame, Flame Wave.
     0 | D:1      | Reached XP level 1. HP: 15/15 MP: 0/0
   361 | D:1      | Reached XP level 2. HP: 18/22 MP: 0/0
   785 | D:2      | Found a faded altar of an unknown god.
   799 | D:2      | Prayed at the altar of an unknown god.
   799 | D:2      | Became a worshipper of Gozag Ym Sagoz the Greedy
   928 | D:2      | Reached skill level 1 in Fighting
   928 | D:2      | Reached XP level 3. HP: 24/27 MP: 0/0
   928 | D:2      | Learned a level 1 spell: Sting
  1304 | D:2      | You are sucked into a shaft and drop 2 floors!
  1338 | D:4      | Reached XP level 4. HP: 32/32 MP: 0/0
  1400 | D:4      | Found an iron altar of Okawaru.
  1597 | D:3      | Reached XP level 5. HP: 31/38 MP: 0/0
  1597 | D:3      | Learned a level 2 spell: Mercury Vapours
  1719 | D:2      | Identified the +1 dagger of Tortfeasance {freeze, MP+9}
  1840 | D:3      | Found a broken altar of Ashenzari.
  1971 | D:3      | Found a shimmering altar of Xom.
  2520 | D:3      | Found a sparkling altar of Nemelex Xobeh.
  3499 | D:4      | Reached XP level 6. HP: 31/45 MP: 0/0
  3827 | D:5      | Entered Level 5 of the Dungeon
  3840 | D:5      | Noticed a black bear
  3932 | D:5      | Found a hide-covered altar of Uskayaw.
  3942 | D:5      | Killed a black bear
  4031 | D:5      | Reached XP level 7. HP: 46/50 MP: 0/0
  4031 | D:5      | Learned a level 2 spell: Lesser Beckoning
  4057 | D:5      | Reached skill level 5 in Spellcasting
  4057 | D:5      | Reached skill level 5 in Conjurations
  4057 | D:5      | Reached skill level 5 in Hexes
  4057 | D:5      | Reached skill level 5 in Summonings
  4057 | D:5      | Reached skill level 5 in Necromancy
  4057 | D:5      | Reached skill level 5 in Translocations
  4057 | D:5      | Reached skill level 5 in Fire Magic
  4057 | D:5      | Reached skill level 5 in Ice Magic
  4057 | D:5      | Reached skill level 5 in Air Magic
  4057 | D:5      | Reached skill level 5 in Earth Magic
  4057 | D:5      | Reached skill level 5 in Alchemy
  4473 | D:5      | Reached skill level 5 in Dodging
  4474 | D:5      | Demolished by an ogre

Illustrated notes

Levels and vault maps discovered:
D:1:      heliophobic_arrival_enchanted_forest, layout_loops_ring
D:2:      layout_rooms, basic_ecumenical_altar
D:3:      layout_loops_corners, mainiacjoe_overflow_catch_the_wave,
          mainiacjoe_overflow_cross_hatched
D:4:      layout_basic, okawaru_ov_weapons_minmay,
          hangedman_abyss_or_decor_passed, minmay_misc_feat_more_columns,
          columned_hall_lemuel, nicolae_titane
D:5:      wander_river, layout_rooms, mainiacjoe_overflow_brackets

Skill      XL: |  1  2  3  4  5  6  7 |
---------------+----------------------+-----
Fighting       | 1 2 3 |  3.9
Dodging        | 3 4 5 |  5.0
Spellcasting   | 4 5 |  5.3
Conjurations   | 4 5 |  5.3
Hexes          | 4 5 |  5.3
Summonings     | 4 5 |  5.3
Necromancy     | 4 5 |  5.3
Translocations | 4 5 |  5.3
Fire Magic     | 4 5 |  5.3
Ice Magic      | 4 5 |  5.3
Air Magic      | 4 5 |  5.3
Earth Magic    | 4 5 |  5.3
Alchemy        | 4 5 |  5.3
Stealth        | |  1.5

Action                     |  1- 3 |  4- 6 |  7- 9 || total
---------------------------+-------+-------+-------++-------
  Melee: Whip              |       |       |     1 ||     1
   Cast: Foxfire           |    92 |   146 |    33 ||   271
         Scorch            |       |     5 |     4 ||     9
 Armour: Robe              |    10 |    25 |     9 ||    44
  Dodge: Dodged            |    14 |    26 |     7 ||    47
